Cogmind - Beta 17.1 @@@ ROGUE MODE // 2026.09.09 @ 06:30:55 Player: Kotyk77 Result: Destroyed by Y-45 Defender with Beam Rifle Performance ------------- Evolutions (2) 1000 Regions Visited (5) 1000 Robots Destroyed (49) 245 Value Destroyed (1001) 1001 Prototype IDs (11) 220 Alien Tech Used (0) 0 Bonus (0) 0 TOTAL SCORE: 3466 Bonus ------- None Cogmind --------- Core Integrity 0/550 Matter 264/300 Energy 160/160 System Corruption 15% Temperature Cool (9) Movement Hovering (312) Ox3 Location -8/Materials Parts ------- > --- POWER (1) -------- Light Nuclear Core > --- PROPULSION (4) --- Backup Propulsion I Backup Propulsion I Backup Propulsion I > --- UTILITY (4) ------ High-capacity Storage Unit Signal Interpreter Transport Network Coupler Hardened Medium Armor Plating > --- WEAPON (2) ------- Scythe > --- INVENTORY (20) --- Improved Ion Engine Improved Ion Engine Aluminum Leg Compact Wheel Improved Heat Sink Medium Storage Unit Medium Matter Pod (100) Machine Analyzer Transport Network Coupler Light Armor Plating Light Armor Plating Authchip [Device] Authchip [Processor] Authchip [Armor] Beam Rifle Light Cannon Proton Missile Launcher Proton Missile Launcher Rocket Launcher Makeshift Hammer Peak State ------------ > --- POWER ------------ Light Nuclear Core > --- PROPULSION ------- Compact Wheel Compact Wheel Compact Wheel Compact Wheel > --- UTILITY ---------- High-capacity Storage Unit Signal Interpreter Transport Network Coupler Hardened Medium Armor Plating > --- WEAPON ----------- Proton Missile Launcher Makeshift Spear > --- INVENTORY -------- Improved Ion Engine Improved Ion Engine Improved Heat Sink Medium Storage Unit Medium Matter Pod Machine Analyzer Transport Network Coupler Light Armor Plating Light Armor Plating Hardened Medium Armor Plating Authchip [Device] Authchip [Processor] Authchip [Armor] Beam Rifle Light Cannon Proton Missile Launcher Rocket Launcher Makeshift Hammer Scythe [Rating: 25] Favorites ----------- Power Ion Engine Engine Ion Engine Power Core Nuclear Core Propulsion Wheel Treads Light Treads Leg Aluminum Leg Wheel Wheel Hover Unit Backup Propulsion I Flight Unit Improved Flight Unit Utility Signal Interpreter Device Improved Terrain Scanner Storage High-capacity Storage Unit Processor Signal Interpreter Protection Hardened Medium Armor Plating Weapon Light Assault Rifle Energy Gun Medium Laser Ballistic Gun Light Assault Rifle Launcher Proton Missile Launcher Special Weapon Mining Laser Impact Weapon Makeshift Hammer Slashing Weapon Scythe Piercing Weapon Makeshift Spear Build | -11 -10 -10 -10 -9 -8 ------- Run | Yrd Mat Min Exi Min Mat Slots Evolved 4 | . . . . . 4 Power . | . . . . . . Propulsion 2 | . . . . . 2 Utility 2 | . . . . . 2 Weapon . | . . . . . . Parts Attached 55 | 7 12 1 1 4 30 Power 7 | 1 1 . . . 5 Engine 3 | 1 1 . . . 1 Core 4 | . . . . . 4 Reactor . | . . . . . . Propulsion 21 | 2 2 . . 1 16 Treads 1 | . . . . . 1 Leg 1 | . . . . . 1 Wheel 15 | 2 2 . . 1 10 Hover 3 | . . . . . 3 Flight 1 | . . . . . 1 Utility 9 | 2 3 1 . . 3 Device 1 | 1 . . . . . Storage 4 | 1 2 1 . . . Processor 2 | . 1 . . . 1 Hackware . | . . . . . . Protection 2 | . . . . . 2 Artifact . | . . . . . . Weapon 18 | 2 6 . 1 3 6 Energy Gun 2 | 1 1 . . . . Energy Cannon . | . . . . . . Ballistic Gun 9 | 1 3 . . 3 2 Ballistic Cannon . | . . . . . . Launcher 2 | . . . . . 2 Special Weapon 1 | . 1 . . . . Impact Weapon 2 | . 1 . 1 . . Slashing Weapon 1 | . . . . . 1 Piercing Weapon 1 | . . . . . 1 Special Melee Weapon . | . . . . . . Unidentified Prototypes 2 | . . . . . 2 Corrupted Parts 1 | . . . . . 1 System Corruption 4 | . . . . . 4 Parts Lost 22 | . 2 . . . 20 Power 4 | . . . . . 4 Propulsion 10 | . . . . . 10 Utility 2 | . . . . . 2 Weapon 6 | . 2 . . . 4 Highest Loss Streak 7 | . 1 . . . 7 To Critical Strikes 2 | . . . . . 2 Average Backups 14 | 3 12 14 14 16 18 Power 1 | . 1 1 1 1 2 Propulsion 1 | 1 2 2 2 2 . Utility 7 | . 5 7 8 10 9 Weapon 4 | . 2 4 3 3 6 Tool/Special . | . . . . . . Unused Backups 25 | . 6 . 2 . 17 Power 4 | . 1 . . . 3 Propulsion 3 | . 3 . . . . Utility 13 | . 1 . 1 . 11 Weapon 5 | . 1 . 1 . 3 Tool/Special . | . . . . . . Average Slot Usage (%) 95 | . 99 100 100 100 84 Engine 10 | . 14 14 14 14 1 Core 1 | . . . . . 5 Wheel 27 | . 28 28 28 28 24 Device 3 | . 4 . . . 6 Storage 12 | . 14 14 14 14 9 Processor 13 | . 9 14 14 14 17 Energy Gun 1 | . 4 . . . . Ballistic Gun 15 | . 20 14 14 26 9 Special Weapon 4 | . . 14 9 . . Impact Weapon 1 | . 2 . 4 2 . Peak Build Rating 25 | 9 10 10 13 13 25 Average Rating 12 | 5 9 9 10 10 19 On Entrance 8 | . 9 9 10 13 11 Avg Prop Armor Cover (%) 11 | . . . . . 11 Naked Turns . | . . . . . . Heaviest Build 62 | 13 29 47 49 49 62 Greatest Support 64 | 32 32 20 20 22 64 Greatest Overweight (x) 13 | . 1 2 2 2 13 Average Overweight (x) 1 | . . 1 2 2 1 Largest Inventory Capacity 20 | 8 15 20 20 20 20 Average Capacity 17 | 6 12 19 20 20 20 Most Carried 20 | 6 15 18 20 20 20 Average Carried 16 | 3 12 17 18 20 18 Final Capacity 20 | 8 15 20 20 20 20 Final Carried 20 | 6 15 18 20 20 20 Class Distribution -------------------- 67% | Mutant 32% | Scavenger-Mutant Dominant Class ---------------- Mutant | -10/Materials Mutant | -10/Mines Mutant | -10/Exiles Scavenger-Mutant | -9/Mines Scavenger-Mutant | -8/Materials Resources | -11 -10 -10 -10 -9 -8 ----------- Run | Yrd Mat Min Exi Min Mat Matter Collected 1238 | 236 372 20 10 62 538 Remotely . | . . . . . . Salvage Created 1732 | 13 405 . . 39 1275 Parts 106 | 4 23 . . 9 70 Haulers Intercepted 4 | . 2 . . . 2 Recyclers Shooed 2 | . . . . . 2 Parts Field Recycled . | . . . . . . Retrieved Matter . | . . . . . . Parts Self-Destructed . | . . . . . . Prevented . | . . . . . . Parts Restored . | . . . . . . Kills | -11 -10 -10 -10 -9 -8 ------- Run | Yrd Mat Min Exi Min Mat Combat Hostiles Destroyed 31 | . 10 . . 3 18 Melee 8 | . . . . . 8 Guns 21 | . 10 . . 3 8 AOE 1 | . . . . . 1 Classes Destroyed 10 | 1 4 . . . 5 Worker 6 | . 1 . . . 5 Builder 1 | . . . . . 1 Tunneler 3 | 1 1 . . . 1 Hauler 4 | . 2 . . . 2 Recycler 3 | . . . . . 3 Watcher 1 | . . . . . 1 Swarmer 13 | . 6 . . 3 4 Grunt 13 | . 4 . . . 9 Brawler 1 | . . . . . 1 Sentry 4 | . . . . . 4 Best Kill Streak 5 | 1 5 . . 3 5 Combat Bots Only 5 | . 3 . . 3 5 Max Kills in Single Turn 2 | 1 1 . . 2 1 Gunslinging . | . . . . . . Exploded 1 | . . . . . 1 Melee 1 | . . . . . 1 Uniques/NPCs Destroyed . | . . . . . . Combat | -11 -10 -10 -10 -9 -8 -------- Run | Yrd Mat Min Exi Min Mat Hostile Shots Fired 275 | . 63 . . 12 200 Missed 71 | . 14 . . 6 51 Hits 204 | . 49 . . 6 149 Melee 5 | . . . . . 5 Projectile 199 | . 49 . . 6 144 Critical Strikes 8 | . 1 . . . 7 Damage Taken 2757 | . 482 . . 49 2226 Core 662 | . 96 . . 9 557 Absorbed by Shields . | . . . . . . Regen/Repaired (Parts) 21 | . 21 . . . . Core Remaining (%) 79 | 100 . . . 58 . Volleys Fired 125 | 1 46 2 . 6 70 Largest 2 | 2 2 1 . 2 2 Hottest 100 | 70 70 100 . 40 46 Shots Fired 220 | 2 87 2 . 12 117 Gun 214 | 2 87 . . 12 113 Cannon . | . . . . . . Launcher 4 | . . . . . 4 Special 2 | . . 2 . . . Kinetic 190 | 1 64 . . 12 113 Thermal 26 | 1 23 2 . . . Explosive . | . . . . . . Electromagnetic 4 | . . . . . 4 Robot Hit Streak 9 | 2 6 1 . 2 9 Robot Miss Streak 7 | . 7 1 . 3 3 Penetration Max . | . . . . . . Secondary Targets 4 | . 1 . . . 3 Max Gunslinging Chain 1 | . 1 . . . 1 Shots Hit Robots 148 | 2 41 1 . 5 99 Core Hits 65 | 1 17 . . 5 42 Critical Kills 1 | . . . . . 1 Critical Parts Destroyed 3 | . 2 . . . 1 Critical Strikes 7 | . 3 . . . 4 Burn 1 | . 1 . . . . Destroy 3 | . 1 . . . 2 Smash 1 | . 1 . . . . Impale 2 | . . . . . 2 Melee Attacks 40 | . 9 . . . 31 Impact 9 | . 9 . . . . Slashing 11 | . . . . . 11 Piercing 20 | . . . . . 20 Sneak Attacks 10 | . 3 . . . 7 Combat Hostiles . | . . . . . . Follow-up Attacks . | . . . . . . Damage Inflicted 2825 | 26 666 24 . 61 2048 Guns 1527 | 26 493 . . 61 947 Cannons . | . . . . . . Explosions 261 | . . . . . 261 Melee 1013 | . 173 . . . 840 Ramming . | . . . . . . Kinetic 1398 | 14 376 . . 61 947 Thermal 153 | 12 117 24 . . . Explosive . | . . . . . . Electromagnetic 261 | . . . . . 261 Impact 173 | . 173 . . . . Slashing 311 | . . . . . 311 Piercing 529 | . . . . . 529 Highest Corruption 15 | . . . . . 15 Average Corruption 11 | . . . . . 11 Corruption Purged . | . . . . . . Corruption Blocked . | . . . . . . Effects 12 | . . . . . 12 Message Errors 2 | . . . . . 2 Matter Fused 2 | . . . . . 2 Heat Flow Errors 1 | . . . . . 1 Energy Discharges 1 | . . . . . 1 Data Loss (minor) 5 | . . . . . 5 Misfires 1 | . . . . . 1 Overload Shots . | . . . . . . Overflow Damage 236 | . 40 . . . 196 Projectiles . | . . . . . . Explosions 2 | . . . . . 2 Melee 234 | . 40 . . . 194 Knockbacks . | . . . . . . Impact . | . . . . . . Kinetic . | . . . . . . Secondary . | . . . . . . Self-Inflicted Damage 25 | . . . . . 25 Shots 1 | . . . . . 1 Rammed . | . . . . . . Targets Rammed . | . . . . . . Kicked . | . . . . . . Crushed . | . . . . . . Highest Temperature 160 | 9 84 20 . . 160 Average Temperature 28 | 6 30 12 . . 29 Received Heat Transfer 999 | . 108 . . . 891 Siege Activations . | . . . . . . Martial Activations . | . . . . . . Shielding Activations . | . . . . . . Robots Disrupted . | . . . . . . Combat Hostiles . | . . . . . . Robots Corrupted 2 | . 1 . . . 1 Combat Hostiles 1 | . . . . . 1 Parts Fried 4 | . 1 . . . 3 Impact Corruptions 2 | . 2 . . . . Robots Melted . | . . . . . . Combat Hostiles . | . . . . . . Parts Melted . | . . . . . . Heat Transferred 494 | 37 407 50 . . . Parts Sabotaged . | . . . . . . Parts Stolen . | . . . . . . Parts Stripped . | . . . . . . Power Chain Reactions 1 | . . . . . 1 Alert | -11 -10 -10 -10 -9 -8 ------- Run | Yrd Mat Min Exi Min Mat Maximum Alert Level 1 | . . . . . 1 Low Security (%) 93 | 100 100 100 . 100 79 Level 1 6 | . . . . . 20 Level 2 . | . . . . . . Level 3 . | . . . . . . Level 4 . | . . . . . . Level 5 . | . . . . . . High Security . | . . . . . . Max Security . | . . . . . . Peak Influence 324 | 5 158 6 . 70 324 Initial 6 | . . 6 . . . Average 58 | . 79 . . 15 94 Influence Increases 1256 | 5 368 1 . 70 812 Destroy 0b10 Robot/C 620 | . 200 . . 60 360 Destroy 0b10 Robot/NC 90 | 5 20 . . . 65 Destroy Leader 130 | . 34 . . 10 86 Trap Triggered on 0b10 30 | . . . . . 30 Successful Hack 35 | . 20 . . . 15 Disable Machine 15 | . . . . . 15 Destroy Structure 6 | . 4 1 . . 1 Partial Spotted 15 | . . . . . 15 Lose Combat Pursuer 315 | . 90 . . . 225 Influence Decreases 956 | 5 350 19 . 70 512 Entered New Map 12 | . . 12 . . . Time Decay 732 | 5 330 7 . 70 320 Lost Part 212 | . 20 . . . 192 Squads Dispatched 3 | . 1 . . . 2 Investigation 1 | . . . . . 1 Extermination . | . . . . . . Reinforcement 2 | . 1 . . . 1 Assault . | . . . . . . Garrison . | . . . . . . Intercept . | . . . . . . Searches Triggered . | . . . . . . Construction Impeded . | . . . . . . Haulers Reinforced . | . . . . . . Active Scanning Responses . | . . . . . . Cargo Convoy Interrupts . | . . . . . . Stealth | -11 -10 -10 -10 -9 -8 --------- Run | Yrd Mat Min Exi Min Mat Distress Signals 5 | . 2 . . . 3 Communications Jammed . | . . . . . . Distress Signals . | . . . . . . Times Spotted 62 | . 19 . . 3 40 Peak Tracking Total 7 | . 5 . . 3 7 Tactical Retreats 12 | . 3 . . . 9 Traps | -11 -10 -10 -10 -9 -8 ------- Run | Yrd Mat Min Exi Min Mat Traps Triggered 2 | . 2 . . . . Indirectly . | . . . . . . Trap Hack Attempts . | . . . . . . Triggered . | . . . . . . Disarmed . | . . . . . . Reprogrammed . | . . . . . . Reused 3 | . . . . . 3 Traps Extracted . | . . . . . . Installed 3 | . . . . . 3 Triggered 3 | . . . . . 3 Most Traps Carried 4 | . . 4 4 4 3 Machines | -11 -10 -10 -10 -9 -8 ---------- Run | Yrd Mat Min Exi Min Mat Machines Disabled 1 | . . . . . 1 Max in Single Turn 1 | . . . . . 1 Machines Repaired . | . . . . . . Machines Dismantled . | . . . . . . Machines Sabotaged . | . . . . . . Overloaded Fab Kills . | . . . . . . Hacking | -11 -10 -10 -10 -9 -8 --------- Run | Yrd Mat Min Exi Min Mat Machines Accessed 14 | . 8 . 4 . 2 Terminals 9 | . 7 . . . 2 Fabricators . | . . . . . . Repair Stations 1 | . 1 . . . . Recycling Units . | . . . . . . Scanalyzers . | . . . . . . Garrison Access . | . . . . . . Total Hacks 84 | . 25 . 49 . 10 Successful 65 | . 12 . 49 . 4 Failed 18 | . 12 . . . 6 Catastrophic 1 | . 1 . . . . Database Lockouts 1 | . 1 . . . . Manual 16 | . 13 . . . 3 Terminals 33 | . 23 . . . 10 Fabricators . | . . . . . . Repair Stations 2 | . 2 . . . . Recycling Units . | . . . . . . Scanalyzers . | . . . . . . Garrison Access . | . . . . . . Terminal Hacks 61 | . 9 . 49 . 3 Record 49 | . . . 49 . . Robot Analysis 4 | . 3 . . . 1 Prototype ID Bank 6 | . 4 . . . 2 Locate Traps 1 | . 1 . . . . Zone Layout 1 | . 1 . . . . Fabricator Hacks . | . . . . . . Repair Station Hacks 2 | . 2 . . . . Scan Component 1 | . 1 . . . . Repair 1 | . 1 . . . . Recycling Unit Hacks . | . . . . . . Scanalyzer . | . . . . . . Garrison Access Hacks . | . . . . . . Unauthorized Hacks 2 | . 1 . . . 1 Terminals 2 | . 1 . . . 1 Botnet 2 | . 1 . . . 1 Fabricators . | . . . . . . Repair Stations . | . . . . . . Recycling Units . | . . . . . . Scanalyzers . | . . . . . . Garrison Access . | . . . . . . Data Cores Recovered . | . . . . . . Used . | . . . . . . Hacking Detections 6 | . 5 . . . 1 Full Trace Events 1 | . . . . . 1 Feedback Events . | . . . . . . Feedback Blocked . | . . . . . . Robot Schematics Acquired . | . . . . . . Robots Built . | . . . . . . Authchips . | . . . . . . Time . | . . . . . . Total Robot Build Rating . | . . . . . . Part Schematics Acquired . | . . . . . . Parts Built . | . . . . . . Authchips . | . . . . . . Time . | . . . . . . Total Part Build Rating . | . . . . . . Part Studies Acquired . | . . . . . . Parts Repaired 1 | . 1 . . . . Time 38 | . 38 . . . . Parts Recycled . | . . . . . . Recycled Matter . | . . . . . . Retrieved Matter . | . . . . . . Retrieved Components . | . . . . . . Parts Scanalyzed . | . . . . . . Part Schematics Acquired . | . . . . . . Parts Damaged . | . . . . . . Bothacking | -11 -10 -10 -10 -9 -8 ------------ Run | Yrd Mat Min Exi Min Mat Used RIF Installer . | . . . . . . Robots Hacked . | . . . . . . Non-combat . | . . . . . . Combat . | . . . . . . Robot Hacks Applied . | . . . . . . Relay Couplers Released . | . . . . . . Fabnet Peak Effective % . | . . . . . . Robots Rewired . | . . . . . . Allies Hacked . | . . . . . . Hacks Repelled . | . . . . . . Allies | -11 -10 -10 -10 -9 -8 -------- Run | Yrd Mat Min Exi Min Mat Total Allies . | . . . . . . Largest Group . | . . . . . . Highest-Rated Group . | . . . . . . Highest-Rated Ally . | . . . . . . Total Orders . | . . . . . . Ally Attacks . | . . . . . . Total Damage . | . . . . . . Kills . | . . . . . . Allies Corrupted . | . . . . . . Allies Melted . | . . . . . . Intel | -11 -10 -10 -10 -9 -8 ------- Run | Yrd Mat Min Exi Min Mat Active Infowar (turns) 1129 | 22 249 . . . 858 Terrain 927 | 22 249 . . . 656 T.N.C. 858 | . . . . . 858 Robot Analysis Total 4 | . 3 . . . 1 Derelict Logs Recovered 1 | . . 1 . . . Drone Launches . | . . . . . . Drone Recoveries . | . . . . . . Exploration | -11 -10 -10 -10 -9 -8 ------------- Run | Yrd Mat Min Exi Min Mat Turns Passed 3139 | 88 799 491 566 335 860 Spaces Moved 2289 | 70 546 440 507 271 455 Core 2 | 1 . . . . 1 Treads 8 | . . . . . 8 Legs . | . . . . . . Wheels 2274 | 69 546 440 507 271 441 Hover 5 | . . . . . 5 Flight . | . . . . . . Fastest Speed 50 | 50 95 95 110 110 87 Average Speed 107 | 99 101 108 110 110 113 Slowest Speed 815 | 100 105 110 110 115 815 Overloaded Moves . | . . . . . . Propulsion Burnouts . | . . . . . . Robots Hopped . | . . . . . . Potential Cave-ins . | . . . . . . Cave-ins Triggered . | . . . . . . Exploration Rate (%) 55 | 4 77 93 73 53 30 Regions Visited 5 Branch Regions 3 Pre-discovered Areas 1 | . . . 1 . . Known Exits Taken 4 | . 1 1 1 1 . Unknown Exits Taken 1 | 1 . . . . . Scrap Searched 3 | . . 1 . 2 . Spaces Dug 3 | . 3 . . . . Terrain Destroyed 4 | . 3 1 . . . Melee 3 | . 3 . . . . Projectile 1 | . . 1 . . . AOE . | . . . . . . Terrain Rammed . | . . . . . . Walls Destroyed . | . . . . . . Machines Disabled . | . . . . . . Actions | -11 -10 -10 -10 -9 -8 --------- Run | Yrd Mat Min Exi Min Mat Total 2693 | 83 696 450 516 300 648 Wait 94 | . 47 1 2 13 31 Move 2284 | 69 545 439 506 270 455 Hop . | . . . . . . Pick Up 45 | 6 19 5 4 1 10 Fast Attach 32 | 7 4 . 1 . 20 Attach 8 | . 1 . . . 7 Detach 2 | . . . . . 2 Swap 24 | . 11 1 . 5 7 Drop 36 | . 14 2 3 5 12 Fire 125 | 1 46 2 . 6 70 Melee 40 | . 9 . . . 31 Ram . | . . . . . . Kick . | . . . . . . Crush . | . . . . . . Escape Stasis . | . . . . . . Rewire . | . . . . . . Trap 3 | . . . . . 3 Miscellaneous . | . . . . . . Route ------- -11/Scrapyard -10/Materials (discovered 3 exits: *Mat / *Min / *Sub) -10/Mines (discovered 2 exits: *Mat / *Exi) -10/Exiles -9/Mines -8/Materials (discovered 1 exit: *Sto) History --------- Turn | Location | Event 13 | -11/Scrapyard | Discovered new exit (range 16) 89 | -11/Scrapyard | Entered Materials 209 | -10/Materials | Discovered new exit (range 15) 316 | -10/Materials | Build established: Mutant 518 | -10/Materials | Discovered new exit (range 9) 527 | -10/Materials | Identified exit to Subcaves 560 | -10/Materials | Discovered new exit (range 16) 561 | -10/Materials | Central database locked down 588 | -10/Materials | Identified exit to Materials 737 | -10/Materials | Repaired Imp. Terrain Scanner 888 | -10/Materials | Identified exit to Mines 888 | -10/Materials | Entered Mines 908 | -10/Mines | A weapon hastily lodged in a ceiling crevice suddenly fell to the ground 942 | -10/Mines | Found a hidden stash of uninstalled traps 1198 | -10/Mines | Discovered exit to Materials (range 15) 1374 | -10/Mines | Deemed a non-threat by the Exiles lab entrance 1374 | -10/Mines | Discovered new exit (range 5) 1378 | -10/Mines | Identified exit to Exiles 1379 | -10/Mines | Entered Exiles 1379 | -10/Exiles | Found Exiles lab destroyed 1654 | -10/Exiles | Learned location of Zion (-6) 1932 | -10/Exiles | Discovered new exit (range 14) 1944 | -10/Exiles | Identified exit to Mines 1945 | -10/Exiles | Entered Mines 2113 | -9/Mines | Received a Rocket Launcher from a helpful Derelict 2192 | -9/Mines | Assembled infested the area 2248 | -9/Mines | Discovered new exit (range 14) 2263 | -9/Mines | Identified exit to Materials 2280 | -9/Mines | Entered Materials 2280 | -8/Materials | Evolved 4 slots: Propulsion x2, Utility x2 2281 | -8/Materials | Identified exit to Storage 2304 | -8/Materials | Build established: Scavenger-Mutant 2855 | -8/Materials | System corruption reached 10% 2885 | -8/Materials | Lost 5 parts (1p2n2w) 2944 | -8/Materials | Core integrity fell below 50% 2978 | -8/Materials | Lost 4 parts (1p2n1u) 3052 | -8/Materials | Core integrity fell below 20% 3108 | -8/Materials | Lost 7 parts (1p4n1u1w) 3140 | -8/Materials | Destroyed by Y-45 Defender with Beam Rifle Last Messages --------------- 03082_ G-47 Trooper destroyed. 03087_ PIRQXJ7 Y/BI95LUO8CJ,V7UD 03095_ Acquired Lgt. Nuclear Core. 03096_ Acquired 10 matter. 03099_ Acquired Aluminum Leg. 03102_ K-01 Serf collects debris. 03104_ System corrupted: Matter fused (-10). 03104_ Acquired Corrupted Imp. Heat Sink. 03105_ K-01 Serf collects debris. 03106_ Acquired 20 matter. 03109_ K-01 Serf collects debris. 03113_ Acquired Backup Propulsion I. 03115_ K-01 Serf collects debris. 03121_ K-01 Serf cleans the Nuclear Reactor. 03122_ System corrupted: Matter fused (-6). 03123_ Acquired Corrupted Backup Propulsion I. 03123_ Integrated Corrupted Backup Propulsion I (+4). 03124_ Dropped Corrupted Imp. Heat Sink. 03126_ K-01 Serf collects debris. 03134_ Acquired Backup Propulsion I. Map ----- +----------------------------------------------------+ | ?????????????????????????????????????????????????? | | ?????????????????????????????????????????????????? | | ?????????????????????????????????????????????????? | | ?????????????????????????????????????????????????? | | ?????????????????????????????????????????????????? | | ?????????????????????????????????????????????????? | | ?????????????????????????????????????????????????? | | ?????????????????????????????????????????????????? | | ?????????????????????????????????????????????????? | | ?????????????????????????????????????????????????? | | ?????????????????????????????????????????????????? | | ???????????????????????????????????????????????#?? | | ?????????????????????????????????????????????? ??? | | ????????????????????????????????????????????? #??? | | ???????????????????????????????????????????? #??? | | ??????????????????????###############?????? #??? | | ??????????????????????#! # ####### ##?? | | ??????????????????????# """ # % #??? | | ??????????????????????# """ +% #??? | | ??????????????????????# """!%# ##?? | | ??????????????????????# [# ###+#######??? | | ??????????????????????#[ u= ####### #???? | | ??????????????????????# ! #?????# % [#???? | | ??????????????????????# #?????# *=%##### | | ??????????????????????# !! #?????# !!! =% | | ?????????????????????## =@=* #?????# ! ##### | | ?????????????????????# Y!* #?????# ! #???? | | ?????????????????????###/######?????# #??? | | ???????????????????????# ???????????# #?#?? | | ???????????????????????# ???????????# # ??? | | ???????????????????????# ???????????##########???? | | ???????????????????????# ????????????????????##??? | | ???????????????????????# ????????????????######### | | ???????????????????????# ??????????????? + ^ | | ???????????????????????] ????????????????# | | ??????????????????????? ?????????????????# ^ | | ??????????????????????? ???????????# ^^ | | ??????????????????????? ???????????? ####### #### | | ??????????????????????? ??????????????######+#### | | ??????????????????????????????????????# / | | ??????????????????????????????????? ??# ## | | ??????????????????????????????????????# ## | | ??????????????????????????????????????# ## | | ??????????????????????????????? / "" "" ![#? | | ???????????????????????????????? # ""S"" !!## | | ??????????????????????????????????? ??# """" #? | | ???????????????????????????????????????? #? | | ????????????????????????????????????????###### ##? | | ?????????????????????????????????????????????###?? | | ?????????????????????????????????????????????????? | +----------------------------------------------------+ Best States ------------- Heat Dissipation 31 Energy Generation 14 Energy Capacity 275 Matter Stores 300 Matter Capacity 300 Sight Range 16 Terrain Scan Range 16 Terrain Scan Density 10 Armor Coverage 225 Evasion (%) 42 Recoil Reduction 1 Authchip Count 3 Item Schematics ----------------- None Robot Schematics ------------------ None Fabricated ------------ Nothing Repaired ---------- Imp. Terrain Scanner | 4% | -10/Materials Studied --------- None Alien Tech Used ----------------- None Achievements -------------- None Challenges ------------ None Game ------ Seed TransportHoverSaw Manual? 0 Play Time 00:31:26 Cumulative 138.3 hours Start 2026.09.09 @ 05:57:48 End 2026.09.09 @ 06:30:55 Sessions 1 Manual Loads 0 Difficulty Rogue Special Mode None Game No. 113 Rogue 113 Adventurer 0 Explorer 0 Win Type - Total 1 Types 1/0/0/0/0/0/0/0/0/0 Lore% 21 Gallery% 45 Achievement% 30 Wizard Run 0 Options --------- Layout 1 ASCII 0 Keyboard 1 Movement Numpad Keybinds 0 Fullscreen 1 Font 32/SmallcapsGlow Map View 77x35 Zoom Use 0% Tactical HUD 1 Map Filters NONE Filters NONE Steam 1 RUN: 3d76d354-23bc-4508-9e2e-09537262372a